 Dungeon Crawl Stone Soup version 0.21.1-1-g345015f (webtiles) character file.

386 Fang the Chopper (level 6, -1/39 HPs)
             Began as a Gargoyle Berserker on May 23, 2018.
             Was a Priest of Trog.
             Killed from afar by Sigmund (6 damage)
             ... with a magic dart
             ... on level 5 of the Dungeon.
             The game lasted 00:05:24 (4829 turns).

Fang the Chopper (Gargoyle Berserker)               Turns: 4829, Time: 00:05:24

Health: -1/39      AC:  6    Str: 22    XL:     6   Next: 78%
Magic:  6/6        EV: 13    Int:  8    God:    Trog [***...]
Gold:   251        SH:  0    Dex:  9    Spells: 5/5 levels left

rFire    . . .     SeeInvis .   a - +1 hand axe
rCold    + . .     Gourm    .   (no shield)
rNeg     + + .     Faith    .   b - +0 animal skin
rPois    ∞         Spirit   .   (no helmet)
rElec    +         Reflect  .   (no cloak)
rCorr    .         Harm     .   (no gloves)
MR       .....                  (no boots)
Stlth    ++........             k - amulet of rage
HPRegen  0.13/turn              i - ring of positive energy
MPRegen  0.10/turn              d - ring of protection from cold

@: berserk cooldown, slowed, very slow
A: mutation resistance 1, negative energy resistance 1, electricity resistance,
unbreathing, petrification resistance, no potion heal 1, rot immunity, AC +4
a: Berserk, Trog's Hand, Burn Spellbooks, Renounce Religion, Evoke Berserk Rage


You were on level 5 of the Dungeon.
You worshipped Trog.
Trog was most pleased with you.
You were not hungry.

You visited 1 branch of the dungeon, and saw 5 of its levels.

You collected 251 gold pieces.

Inventory:

Hand Weapons
 a - a +1 hand axe (weapon)
Armour
 b - a +0 animal skin (worn)
Jewellery
 d - a ring of protection from cold (right hand)
 i - a ring of positive energy (left hand)
 k - an amulet of rage (around neck)
 l - a cursed ring of positive energy
Wands
 r - a wand of flame (33)
Scrolls
 f - a scroll of noise {unknown}
 q - a scroll of teleportation
 s - a scroll of remove curse
 t - a scroll of identify
 u - a scroll of fear
Potions
 e - 2 potions of flight
 g - a potion of resistance {unknown}
 h - a potion of magic {unknown}
 j - a potion of heal wounds {unknown}
 m - a potion of curing {unknown}
 n - a potion of berserk rage {unknown}
 o - a potion of might
 p - a potion of haste {unknown}
Comestibles
 c - 9 rations


   Skills:
 + Level 4.6 Fighting
 + Level 4.9 Axes
 + Level 2.3 Armour
 + Level 3.2 Dodging
 + Level 1.6 Stealth


You had 5 spell levels left.
You didn't know any spells.

Dungeon Overview and Level Annotations

Branches:
Dungeon (5/15)
 Temple: D:4-7

Altars:

Shops:
D:4 ?

Annotations:
D:5 Sigmund


Innate Abilities, Weirdness & Mutations

You are resistant to torment.
Your stone body is resilient. (AC +4)
You are immune to poison.
You resist negative energy. (rN+)
You are resistant to electric shocks. (rElec)
You can survive without breathing.
You are immune to petrification.
You are immune to rotting.
You are somewhat resistant to further mutation.
Potions are less effective at restoring your health.


Message History

You hit Sigmund.
Sigmund is lightly wounded.
Sigmund gestures at you while chanting. The magic dart hits you!
You closely miss Sigmund.
Sigmund is lightly wounded.
Sigmund hits you with a scythe!
* * * LOW HITPOINT WARNING * * *
You barely miss Sigmund.
Sigmund is lightly wounded.
Sigmund barely misses you.
You barely miss Sigmund.
Sigmund is lightly wounded.
Sigmund hits you with a scythe.
* * * LOW HITPOINT WARNING * * *
You hit Sigmund.
Sigmund is lightly wounded.
Sigmund points at you and mumbles some strange words.
The magic dart hits you!
You die...

#######.### #.#
..........# #.#
#########.#.#
#.#
.......>..#.#
#.# ###.#..### #
#.# # #..###.#
#.###
####.#......#
#..<#
#.......########
#####
#..........@@h.#
#.......######.#
...####.# ##.
#.# # #.# #.#
..# ..(


You could see Sigmund and a hound.

Vanquished Creatures
  An orc priest (D:3)
  A hound (D:4)
  An orc wizard (D:3)
  Terence (D:2)
  Natasha (D:2)
  2 worker ants (D:4)
  Robin (D:2)
  5 adders
  A howler monkey skeleton (D:4)
  An ooze (D:4)
  An adder skeleton (D:4)
  2 worms
  3 dart slugs (D:2)
  6 leopard geckos
  11 orcs
  7 giant cockroaches
  20 goblins
  4 hobgoblins
  10 jackals
  2 quokkas
  A ball python (D:4)
  7 bats
  7 frilled lizards
  4 kobolds
  A leopard gecko skeleton (D:4)
  A rat (D:3)
102 creatures vanquished.

Notes
Turn   | Place    | Note
-------+----------+-------------------------------------------
     0 | D:1      | Fang the Gargoyle Berserker began the quest for the Orb.
     0 | D:1      | Reached XP level 1. HP: 14/14 MP: 1/1
   156 | D:1      | Reached XP level 2. HP: 14/19 MP: 2/2
   909 | D:2      | Reached XP level 3. HP: 24/24 MP: 3/3
   984 | D:2      | Noticed Terence
   989 | D:2      | Killed Terence
   989 | D:2      | Reached XP level 4. HP: 29/29 MP: 4/4
  1163 | D:2      | Reached ** piety under Trog
  1179 | D:2      | Noticed Robin
  1204 | D:2      | Gained mutation: Potions are less effective at restoring your health. [potion of mutation]
  1204 | D:2      | Gained mutation: You are somewhat resistant to further mutation. [potion of mutation]
  1211 | D:2      | Killed Robin
  1653 | D:2      | Reached XP level 5. HP: 33/33 MP: 5/5
  2093 | D:2      | Noticed Natasha
  2100 | D:2      | Killed Natasha
  3028 | D:3      | Reached skill level 1 in Stealth
  3269 | D:3      | Reached XP level 6. HP: 23/39 MP: 6/6
  3272 | D:3      | Reached *** piety under Trog
  4241 | D:4      | Found Ocabu's Magic Scroll Boutique.
  4769 | D:5      | Entered Level 5 of the Dungeon
  4806 | D:5      | Noticed Sigmund
  4829 | D:5      | Killed from afar by Sigmund

Skill      XL: |  1  2  3  4  5  6 |
---------------+-------------------+-----
Axes           | 3 4 |  4.9
Dodging        | 2 3 |  3.2
Fighting       | 4 |  4.6
Stealth        | 1 |  1.6
Armour         | |  2.3

Action                   |  1- 3 |  4- 6 || total
-------------------------+-------+-------++-------
Melee: Hand axe          |    84 |   310 ||   394
Invok: Berserk           |     2 |     4 ||     6
  Use: Scroll            |       |     8 ||     8
       Potion            |       |     3 ||     3
 Stab: Sleeping          |       |     4 ||     4
  Eat: Chunk             |       |    16 ||    16
       Ration            |       |     1 ||     1
Armor: Animal skin       |    40 |   102 ||   142
       Skin              |       |     6 ||     6
Dodge: Dodged            |    64 |   218 ||   282
